[Event "*** SCC Grand Prix: Titled Tuesday Blitz"]
[Site "Chess.com"]
[Date "2020.06.09"]
[Round "2"]
[White "davidkalashian"]
[Black "Salem-AR"]
[Result "0-1"]
[WhiteElo "2606"]
[BlackElo "2979"]
[TimeControl "180+1"]
[EndTime "9:19:22 PDT"]
[Termination "Salem-AR won by resignation"]

1. d4 Nf6 2. c4 g6 3. Nc3 Bg7 4.
e4 O-O 5. Be2 d6 6. Bg5 Na6 7.
Qd2 e5 8. d5 Qe8 9. f3 Nh5 10.
Bd3 Nf4 11. g3 Nxd3+ 12. Qxd3 f5 13. Bd2 Nb4 14. Qb1 fxe4 15. Nxe4 a5 16. g4 b5 17. a3 Na6 18. Qc2 bxc4 19. Qxc4 Bd7 20. h4 Bb5 21. Qc2 Nc5 22. Nxc5 dxc5 23. Qe4 c6 24. h5 cxd5 25. Qxd5+ Qf7 26. Qe4 Rad8 27. hxg6 Qxg6 28. Qxg6 hxg6 29. Bxa5 Rd3 30. Bc3 e4 31. Bxg7 Kxg7 32.
fxe4 Rd4 33. Nh3 Rxe4+ 34. Kd2 Re2+ 35. Kc1 Bd3 36. Ng5 Rff2 37. Nh3 Rc2+ 38. Kd1 Rfd2+ 39.
Ke1 Re2+ 40. Kd1 Red2+ 41. Ke1 Rxb2 42. Nf4 c4 43. Rc1 Be4 44. Rh3 Rbc2 45. Rxc2 Rxc2 46.
Re3 Bc6 47. Ne2 Ra2 48. Nc3 Ra1+ 49. Kd2 Rxa3 50. Kc1 Ra6 51. Kb2 Bd7 52. Kc2 Bxg4 53. Re4 Bf5 54. Kd2 Bxe4 55. Nxe4 Re6 56. Kc3 Rxe4 0-1

[Event "*** SCC Grand Prix: Titled Tuesday Blitz"]
[Site "Chess.com"]
[Date "2020.06.09"]
[Round "2"]
[White "Jospem"]
[Black "DortmundCity"]
[Result "0-1"]
[WhiteElo "2856"]
[BlackElo "2592"]
[TimeControl "180+1"]
[EndTime "9:19:22 PDT"]
[Termination "DortmundCity won on time"]

1. c4 e5 2. Nc3 Nf6 3. Nf3 Nc6 4. a3 d5 5. cxd5 Nxd5 6. e3 Be7 7. Qc2 O-O 8. Bd3 h6 9. Nxd5 Qxd5 10. b4 a6 11. Bb2 Be6 12. Be4 Qb5 13. Bd3 Qd5 14. O-O Bf6 15. Be4 Qd6 16. Rfd1 Bd5 17. Rac1 Bxe4 18. Qxe4 Rfe8 19. d3 Rad8 20. h3 Qd5 21.
Qxd5 Rxd5 22. e4 Rd7 23. Kf1 g6 24. Ke2 Bg7 25. Rc4 Nd8 26. Bc1 Ne6 27. Be3 c6 28. a4 f5 29. Rb1 Nf4+ 30. Bxf4 exf4 31. b5 cxb5 32. axb5 fxe4 33. dxe4 g5 34. bxa6 bxa6 35. Rb6 Ra8 36. Ra4 Rc8 37. Ra2 a5 38. Ra6 Re8 39.
Nd2 Bc3 40. f3 Red8 41. Nb3 Rd3 42. Rb6 Bb4 43. Rb2 Re3+ 44. Kf2 Be1+ 45. Kf1 Rd1 46.
Rb8+ Kf7 47. Rb7+ Ke8 48. Rb8+ Ke7 49. Rb7+ Kd8 50. Rb8+ Kc7 0-1

[Event "*** SCC Grand Prix: Titled Tuesday Blitz"]
[Site "Chess.com"]
[Date "2020.06.09"]
[Round "2"]
[White "HanSchut"]
[Black "vanyakuba"]
[Result "0-1"]
[WhiteElo "2199"]
[BlackElo "2442"]
[TimeControl "180+1"]
[EndTime "9:19:22 PDT"]
[Termination "vanyakuba won by resignation"]

1. e3 d5 2. f4 g6 3. Nf3 Bg7 4. Be2 Nh6 5. O-O O-O 6. Ne5 c5 7. b3 Nd7 8. Bb2 Qc7 9. d4 Nf5 10. Qd2 e6 11. c4 Nf6 12. Nc3 dxc4 13. Bxc4 cxd4 14. exd4 Rd8 15. Nb5 Qb6 16. g4 Nd6 17.
Nxd6 Qxd6 18. Rad1 a6 19. Qg2 Nd5 20. Qf3 b5 21. Bxd5 Qxd5 22. Nc6 Qxf3 23. Rxf3 Bb7 24. Rc3 Re8 25. Ne5 Rac8 26. Rdc1 Rxc3 27. Rxc3 Rc8 28. Rxc8+ Bxc8 29. Kf2 Bb7 30. Ke3 Bf8 31. Nd7 Bd6 32.
Nc5 Bc8 33. h3 Kf8 34. Ne4 Be7 35. Nc5 Ke8 36. Kd3 Kd8 37. b4 Kc7 38. Ne4 Bb7 39. Ke3 Bxe4 40. Kxe4 Kc6 41. a3 Bd6 42.
Bc1 f5+ 43. Kd3 Kd5 44. Be3 Bf8 45. g5 h6 46. h4 hxg5 47. hxg5 Be7 48. Bd2 Bd8 49. Be3 Bc7 50. Bd2 Bd6 51. Be3 a5 52. Bd2 axb4 53. axb4 Be7 54. Bc3 Bd8 55. Be1 Bb6 56. Bc3 Bc7 57. Bd2 Bd6 58. Bc3 Bxf4 0-1

[Event "*** SCC Grand Prix: Titled Tuesday Blitz"]
[Site "Chess.com"]
[Date "2020.06.09"]
[Round "2"]
[White "olksuna"]
[Black "Colchonero64"]
[Result "0-1"]
[WhiteElo "2610"]
[BlackElo "2990"]
[TimeControl "180+1"]
[EndTime "9:19:25 PDT"]
[Termination "Colchonero64 won by resignation"]

1. c4 Nf6 2. Nc3 g6 3. d4 Bg7 4. e4 O-O 5. Be2 d6 6. Bg5 c5 7. d5 h6 8. Bf4 b5 9. cxb5 a6 10.
a4 Nbd7 11. Nf3 g5 12. Bd2 axb5 13. Bxb5 Ne8 14. O-O Nc7 15. Bc6 Rb8 16. Qc2 Ba6 17.
Rfe1 g4 18. Nh4 Ne5 19. Nf5 Nd3 20. Nxg7 Kxg7 21. Nb5 Nxe1 22. Bc3+ f6 23. Rxe1 Nxb5 24. axb5 Bxb5 25. Qd1 Qc8 26. Re3 h5 27. h3 Rg8 28.
hxg4 hxg4 29. Rg3 Kf7 30. Bxb5 Rxb5 31. f4 gxf3 32. Qxf3 Rxg3 33. Qxg3 Rb8 34. Qh4 Qg8 35. Qh3 Qg5 36. Qh7+ Qg7 37. Qh3 Ra8 38. Qe6+ Kf8 39. Kf2 Qf7 40. Qf5 Ke8 41. Qg4 Kd8 42.
Qe2 Qe8 43. Qg4 Kc7 44. Qe6 Qd7 45. Qf7 Rh8 46. Qg7 Rh4 47. Qg8 Rxe4 48. Qa8 Rf4+ 49.
Kg1 Ra4 50. Ba5+ Rxa5 51. Qxa5+ Kb7 52. Qc3 Qb5 53. Qd2 Qc4 54. Kf2 Kb6 55. Ke3 Kb5 56. g3 f5 57. Kf2 Qd4+ 58. Qe3 Kc4 59. Kf3 Qxe3+ 60. Kxe3 Kxd5 61. Kf4 e6 0-1

[Event "*** SCC Grand Prix: Titled Tuesday Blitz"]
[Site "Chess.com"]
[Date "2020.06.09"]
[Round "2"]
[White "bugsbunny444"]
[Black "Joshukid"]
[Result "1-0"]
[WhiteElo "2492"]
[BlackElo "2704"]
[TimeControl "180+1"]
[EndTime "9:19:26 PDT"]
[Termination "bugsbunny444 won by resignation"]

1. Nf3 d5 2. c4 d4 3. b4 c5 4. g3 Nc6 5. b5 Nb8 6. Bg2 g6 7. O-O a6 8. Qb3 a5 9. d3 Bg7 10. Re1 Nh6 11. a4 O-O 12. Ra2 Nd7 13. e3 dxe3 14. Bxe3 Nf5 15. Nc3 Nd4 16. Bxd4 cxd4 17.
Nd5 e6 18. Nf4 Rb8 19. Qa3 b6 20. Qd6 Bb7 21. Nxd4 Bxd4 22. Qxd4 e5 23. Rxe5 Nxe5 24. Qxe5 Re8 25. Qa1 Bxg2 26. Kxg2 f6 27. Nd5 Kf7 28.
f4 Qd6 29. Rf2 Rbd8 30. h4 h6 31. Qd4 Rd7 32. h5 gxh5 33. Rf3 Qe6 34. Rf2 h4 35. gxh4 Qg4+ 36. Kh2 Qxh4+ 37. Kg2 Qg4+ 38. Kh2 Re1 39. Qxf6+ Kg8 40. Rg2 Qxg2+ 41. Kxg2 Rg7+ 42. Kf3 Reg1 43. Qd8+ Kh7 44. Nf6+ Kg6 45. Ng4 Kh7 46. Nf6+ Kg6 47. Nd5 Kh7 48. Ke4 h5 49. Kd4 h4 50. Qxh4+ Kg8 51. f5 R1g4+ 52. Qxg4 Rxg4+ 53. Ke5 Kf7 54. Nxb6 Rh4 55. c5 Ke7 56. c6 Rh5 57. c7 1-0

[Event "*** SCC Grand Prix: Titled Tuesday Blitz"]
[Site "Chess.com"]
[Date "2020.06.09"]
[Round "2"]
[White "LawrenceTrent"]
[Black "MikaelyanArman"]
[Result "0-1"]
[WhiteElo "2528"]
[BlackElo "2775"]
[TimeControl "180+1"]
[EndTime "9:19:27 PDT"]
[Termination "MikaelyanArman won on time"]

1. d4 Nf6 2. Nc3 d5 3. Bf4 a6 4. e3 e6 5. g4 c5 6. g5 Nfd7 7. h4 Nc6 8. Nf3 b5 9. a3 c4 10.
Bg2 b4 11. axb4 Bxb4 12. Nd2 Nb6 13. Bg3 Bb7 14. Qg4 Ne7 15. Be5 Nf5 16. h5 Bd6 17.
Bf4 Bxf4 18. Qxf4 O-O 19. Nf3 f6 20. gxf6 Rxf6 21. Qg5 h6 22. Qg4 Nd7 23. Ne2 Qb6 24. Ra2 Qb4+ 25. Kf1 Raf8 26. Rh3 a5 27. Kg1 R6f7 28.
Nf4 Nf6 29. Qg6 Ne7 30. Qg3 Ne4 31. Qh4 Qd6 32. Ne5 Rxf4 33. exf4 Nf5 34. Qg4 Nxd4 35.
Bxe4 dxe4 36. Rg3 Nf5 37. Rga3 e3 38. fxe3 Qd2 39. Ra1 Nxe3 40. Qxe6+ Kh7 41. Qg6+ Kh8 42. Qg3 Nf5 43. Ng6+ Kg8 44. Qf2 Qd5 45. Kh2 Nd4 46. Rg1 Qxh5+ 47. Nh4 Nf5 48. Rh3 Nxh4 49. Rxh4 Qf7 50.
Rhg4 Kh8 51. Rxg7 Qh5+ 52. Kg3 Kxg7 53. Qd4+ Kh7 54. Qd7+ Rf7 55. Qd6 Qg6+ 56. Kf2 Qxd6 0-1

[Event "*** SCC Grand Prix: Titled Tuesday Blitz"]
[Site "Chess.com"]
[Date "2020.06.09"]
[Round "2"]
[White "Leonid_Starozhilov"]
[Black "ChelsieMonica"]
[Result "0-1"]
[WhiteElo "2707"]
[BlackElo "2375"]
[TimeControl "180+1"]
[EndTime "9:19:31 PDT"]
[Termination "ChelsieMonica won by resignation"]

1. e4 e5 2. Nf3 Nc6 3. Bb5 a6 4.
Ba4 Nf6 5. d3 b5 6. Bb3 Be7 7.
a4 Bb7 8. O-O O-O 9. axb5 axb5 10. Rxa8 Qxa8 11. Nc3 b4 12. Nd5 Nxd5 13. Bxd5 Bd6 14.
Nd2 Na5 15. Bc4 Ba6 16. b3 Nxc4 17. bxc4 Bb7 18. Nb3 f5 19. f3 Qa7+ 20. Kh1 f4 21. Bb2 c6 22. Qd2 c5 23. Ra1 Qb6 24. Qc1 Bc7 25. Ra5 d6 26. Qa1 Qc6 27. Ra7 Ra8 28.
Rxa8+ Bxa8 29. g4 fxg3 30. hxg3 Qe8 31. Kg2 Bc6 32. f4 Bd7 33. f5 g6 34. fxg6 hxg6 35. Qf1 Qe6 36. Qf2 Qh3+ 37. Kg1 Qh5 38. Bc1 Bd8 39. Be3 Bh3 40. Nd2 Qd1+ 41. Kh2 Be6 42. Nf3 Bg4 43. Nh4 Bxh4 44. gxh4 Bf3 45. Kg3 Bh5 46.
Bh6 Qg4+ 47. Kh2 Qe2 48. Qxe2 Bxe2 49. Bg5 Kf7 50. Kg3 Bd1 51. Kf2 Bxc2 52. Ke3 b3 53. Kd2 Bb1 54. Kc3 b2 55. Kxb2 Bxd3 56. Kc3 Bxe4 57. Bd8 Ke6 58. Bc7 d5 59. cxd5+ Kxd5 60. Bb8 Bf5 61. Kd2 c4 62. Kc3 Be6 63. Ba7 Ke4 64. Kd2 Kf3 65. Bb8 e4 66. Ke1 e3 67.
Ba7 e2 68. Kd2 c3+ 69. Kxc3 e1=Q+ 0-1

[Event "*** SCC Grand Prix: Titled Tuesday Blitz"]
[Site "Chess.com"]
[Date "2020.06.09"]
[Round "2"]
[White "GregShahade"]
[Black "exoticprincess"]
[Result "1-0"]
[WhiteElo "2571"]
[BlackElo "2785"]
[TimeControl "180+1"]
[EndTime "9:19:32 PDT"]
[Termination "GregShahade won by resignation"]

1. e4 c6 2. Nc3 d5 3. Nf3 Bg4 4. h3 Bxf3 5. Qxf3 e6 6. Be2 g6 7. O-O Nd7 8. d4 h5 9. Be3 Bh6 10. Rad1 Qf6 11. Bxh6 Qxf3 12. Bxf3 Nxh6 13. Rfe1 O-O-O 14. Na4 Kc7 15. Re3 h4 16. Nc3 Nf6 17. e5 Nd7 18.
Ne2 Nf5 19. Ra3 a6 20. Rc1 Nb6 21. Rd3 Nc4 22. b3 Na3 23. c3 a5 24. Rd2 b5 25.
Nf4 a4 26. Nd3 Ra8 27. Nc5 axb3 28. axb3 b4 29. Bg4 bxc3 30. Rd3 Nb5 31. Bxf5 gxf5 32. Na4 c5 33. Nxc3 Nxd4 34. Nxd5+ exd5 35. Rxd4 Kc6 36. Rf4 Rh5 37. Rf3 Rb8 38. Rfc3 Rb5 39. Ra1 d4 40. Rd3 Kd5 41. Ra7 Ke4 42. Rf3 f4 43. Rxf7 Rxe5 44. R7xf4+ Kd5 45. Rxh4 Rb4 46. Rh8 Re1+ 47. Kh2 Rb1 48.
Rd8+ Ke4 49. Re8+ Kd5 50. Rd8+ Ke4 51. h4 R1xb3 52. Re8+ Kd5 53. Rf5+ Kc4 54. Rc8 Rb5 55. h5 d3 56. Rd8 Rb6 57. g4 Kc3 58. g5 R3b4 59. Kg3 Rd4 60. Rxc5+ Rc4 61. Rxc4+ Kxc4 62. h6 Rb5 63. h7 Rxg5+ 64. Kf4 Rh5 65. h8=Q Rxh8 66. Rxh8 d2 67. Rc8+ 1-0

[Event "*** SCC Grand Prix: Titled Tuesday Blitz"]
[Site "Chess.com"]
[Date "2020.06.09"]
[Round "2"]
[White "kirillgenius"]
[Black "Thipsay"]
[Result "1-0"]
[WhiteElo "2277"]
[BlackElo "2443"]
[TimeControl "180+1"]
[EndTime "9:19:32 PDT"]
[Termination "kirillgenius won by resignation"]

1. e4 e5 2. Nc3 Nc6 3. Bc4 Nf6 4. d3 Bb4 5. Bg5 h6 6. Bxf6 Bxc3+ 7. bxc3 Qxf6 8.
Ne2 d6 9. O-O g5 10. Rb1 h5 11.
d4 Ne7 12. Bb5+ c6 13. Bc4 h4 14. f3 Ng6 15. a4 Nf4 16. Nxf4 gxf4 17. h3 Rg8 18.
Kh1 Rg3 19. Rf2 b6 20. Rd2 Bxh3 21. gxh3 Rxh3+ 22. Rh2 Rxh2+ 23. Kxh2 O-O-O 24. Qg1 Kc7 25. a5 b5 26. Bf1 Kb8 27. c4 exd4 28. cxb5 c5 29.
b6 Rh8 30. bxa7+ Kxa7 31. Bh3 Rb8 32. Rxb8 Kxb8 33. Qb1+ Ka8 34. Bc8 Qe7 35. Qb6 f6 36. a6 Qg7 37. Qc6+ Ka7 38. Bg4 Qe7 39. Qb5 Qc7 40.
Kh3 Qe7 41. Qd7+ Qxd7 42. Bxd7 Kxa6 43. Kxh4 c4 44. Kg4 d3 45. cxd3 cxd3 46. Ba4 Ka5 47. Bd1 Kb4 48. Kxf4 Kc3 49. Ke3 d2 50. f4 Kc4 51.
Kxd2 Kd4 52. Bf3 Kc4 53. Ke3 Kc3 54. Bg4 Kc4 55. Bf5 Kc5 56. Be6 Kc6 57. Bd5+ Kc5 58. Kf3 Kd4 59. Kg4 Ke3 60. Kf5 Kd4 61. Kxf6 Ke3 62. f5 Kd4 63. Ke6 Kc5 64. f6 Kd4 65. f7 1-0

[Event "*** SCC Grand Prix: Titled Tuesday Blitz"]
[Site "Chess.com"]
[Date "2020.06.09"]
[Round "2"]
[White "Firegrizzly"]
[Black "IMHansNiemann"]
[Result "0-1"]
[WhiteElo "2594"]
[BlackElo "2937"]
[TimeControl "180+1"]
[EndTime "9:19:39 PDT"]
[Termination "IMHansNiemann won on time"]

1. e4 c5 2. Nf3 Nc6 3. Bb5 e6 4. O-O Nge7 5. d4 cxd4 6. Nxd4 a6 7. Nxc6 Nxc6 8. Bxc6 bxc6 9. e5 d5 10. exd6 Bxd6 11.
Nc3 Qe7 12. Ne4 Bc7 13. a4 f5 14. Bg5 Qd7 15. Qxd7+ Bxd7 16. Nc5 h6 17. Bd2 Bd6 18. Nd3 c5 19. Rfe1 Ke7 20. Bc3 Bc6 21. g3 Rhg8 22. Be5 c4 23. Bxd6+ Kxd6 24. Ne5 Bd5 25. Rad1 Rac8 26. b4 Ke7 27. c3 Rgd8 28. f4 g5 29. Kf2 Kf6 30. Ke3 Rc7 31. Rg1 Rg8 32. a5 h5 33. h4 gxf4+ 34. gxf4 Rg4 35. Nxg4+ hxg4 36. Rd2 Rh7 37. Rh2 e5 38. h5 Re7 39. h6 exf4+ 40. Kxf4 Re4+ 41. Kg3 Re3+ 42. Kf2 Rxc3 43. Rh5 Rf3+ 44.
Ke1 Re3+ 45. Kd2 Re8 46. h7 Rh8 47. Rf1 Be4 48. b5 axb5 49. Kc3 Kg6 50. Rh4 Kg5 51. Rh2 g3 52. Re2 g2 53. Rg1 Rxh7 54. Rxe4 fxe4 55. Rxg2+ Kf4 56. a6 Rh3+ 57. Kb4 Rb3+ 58. Kc5 c3 59. Ra2 Rb2 60. Ra1 c2 61. a7 Rb1 62. a8=Q c1=Q+ 63. Kb6 Rxa1 64. Qf8+ Ke3 65. Qh6+ Kd3 66. Qf6 Qe3+ 67. Kb7 Qd4 0-1

[Event "*** SCC Grand Prix: Titled Tuesday Blitz"]
[Site "Chess.com"]
[Date "2020.06.09"]
[Round "2"]
[White "Nara_Kh"]
[Black "babyking1205"]
[Result "0-1"]
[WhiteElo "2315"]
[BlackElo "2565"]
[TimeControl "180+1"]
[EndTime "9:19:40 PDT"]
[Termination "babyking1205 won on time"]

1. e4 c5 2. Be2 Nc6 3. f4 g6 4. Nf3 Bg7 5. O-O e6 6. d3 Nge7 7. Qe1 d5 8. Qh4 O-O 9. Nbd2 f5 10. e5 b5 11. a4 bxa4 12. Rxa4 Bd7 13. Ra1 Nc8 14.
Qf2 d4 15. Nc4 Nb6 16. Nd6 Nd5 17. Ng5 h6 18. Nf3 Qe7 19. Qg3 Be8 20. Bd2 Rb8 21. c4 Nc7 22. Ra2 Bf7 23. Rfa1 Ne8 24. Nb5 Rb7 25. Qf2 Nc7 26. Nd6 Rb6 27. Bd1 Rfb8 28. Ba4 Nd8 29. b3 a6 30. Qg3 Nb7 31. Nxf7 Qxf7 32.
Nh4 Kh7 33. Qf2 Nd8 34. Kh1 Nc6 35. Nf3 Nb4 36. Bxb4 Rxb4 37. Rg1 Na8 38. Qd2 Nb6 39. g4 Nxa4 40. Rxa4 Rxb3 41. Rxa6 fxg4 42. Rxg4 Qf5 43. Rg1 Rxd3 44. Qg2 g5 45. fxg5 Qxf3 46. g6+ Kg8 47.
Rxe6 Qxg2+ 48. Kxg2 Re3 49. Rf1 Rxe5 50. Rxe5 Bxe5 51.
Rf5 Re8 52. h4 h5 53. Kf3 Kg7 54. Ke4 Bf6+ 55. Kd3 Kxg6 56. Rxc5 Re3+ 57. Kd2 Rh3 58. Rd5 Rxh4 59. c5 Rh3 60. c6 Rc3 61. Rd6 Kf5 62. Ke2 Be5 63. Rh6 Ke4 64. Rxh5 Bf4 65. Rh6 d3+ 0-1

[Event "*** SCC Grand Prix: Titled Tuesday Blitz"]
[Site "Chess.com"]
[Date "2020.06.09"]
[Round "2"]
[White "pedro_gines"]
[Black "DACF2905"]
[Result "1-0"]
[WhiteElo "2461"]
[BlackElo "2236"]
[TimeControl "180+1"]
[EndTime "9:19:40 PDT"]
[Termination "pedro_gines won by checkmate"]

1. d4 Nf6 2. Nf3 e6 3. c4 b6 4. g3 Bb7 5. Bg2 d5 6. cxd5 exd5 7. O-O Be7 8. Nc3 O-O 9. Bf4 c6 10. Rc1 Na6 11. Ne5 Rc8 12. Qa4 b5 13. Qb3 Nc7 14. a4 a6 15. Bg5 Ne6 16. Bxf6 Bxf6 17. e3 Bxe5 18. dxe5 Qb6 19. Ne2 c5 20. Rfd1 Rfd8 21. axb5 c4 22. Qc3 axb5 23. Nd4 b4 24. Qd2 Nc5 25. Nf5 Kf8 26. Qd4 Na4 27. e6 Qxe6 28.
Qxg7+ Ke8 29. Nd4 Qg6 30. Qe5+ Kf8 31. h4 Re8 32. Qf4 Nxb2 33. Rd2 Nd3 34. Rxd3 cxd3 35.
Rd1 b3 36. Bh3 b2 37. Bf5 Qg7 38. Qd6+ Kg8 39. Qa3 Rc1 40. Rxc1 bxc1=Q+ 41. Qxc1 Qe5 42. Bxd3 Re7 43. Qb2 Rc7 44. Qb6 Kg7 45. Kg2 Kf8 46. Qh6+ Qg7 47. Qxh7 Re7 48. Qxg7+ Kxg7 49. Nf5+ Kf6 50.
Nxe7 Kxe7 51. Kf3 Kf6 52. Kf4 Bc6 53. g4 Bd7 54. g5+ Kg7 55. h5 f6 56. h6+ Kh8 57. g6 Kg8 58. g7 Be8 59. Bf5 Bf7 60. f3 d4 61. exd4 Bd5 62. Be4 Be6 63. Bf5 Bd5 64. Ke3 Bf7 65. Ke4 Bc4 66. d5 Bd3+ 67. Kf4 Bxf5 68. Kxf5 Kh7 69. d6 Kxh6 70. d7 Kxg7 71. d8=Q Kf7 72. Qd7+ Kf8 73. Kg6 f5 74. Qf7# 1-0

[Event "*** SCC Grand Prix: Titled Tuesday Blitz"]
[Site "Chess.com"]
[Date "2020.06.09"]
[Round "2"]
[White "DishonorOnYourCow"]
[Black "RitvarsReimanis"]
[Result "0-1"]
[WhiteElo "2289"]
[BlackElo "2487"]
[TimeControl "180+1"]
[EndTime "9:19:41 PDT"]
[Termination "RitvarsReimanis won on time"]

1. d4 Nf6 2. c4 e6 3. Nf3 d5 4.
Nc3 Be7 5. Bf4 O-O 6. e3 Nbd7 7. Rc1 c6 8. cxd5 exd5 9. Bd3 Re8 10. O-O Nf8 11. h3 Ng6 12. Bh2 Bd6 13. Bxd6 Qxd6 14. Na4 Ne4 15. Nc5 Nxc5 16. dxc5 Qf6 17. b4 a6 18. a4 Bd7 19. Nd4 Nh4 20. Qh5 g6 21. Qh6 Bf5 22. Bxf5 Nxf5 23. Qf4 Re4 24. Qf3 Kg7 25.
Nc2 Qb2 26. Qe2 Rc4 27. Qd3 Re8 28. Rfd1 h5 29. Qd2 Ree4 30. b5 axb5 31. axb5 Rxc5 32. bxc6 bxc6 33. Qe2 Rec4 34. Nd4 Qxe2 35. Nxe2 Rxc1 36.
Rxc1 Rxc1+ 37. Nxc1 Kf6 38. Nd3 Ke6 39. Kf1 Kd6 40. Ke2 c5 41. Nf4 Ne7 42. g4 hxg4 43.
hxg4 Nc6 44. Kd3 Ne5+ 45. Kc3 Nxg4 46. Nh3 Ne5 47. f4 Nc6 48. Ng5 Nd8 49. Kd3 f6 50.
Nh7 Ke6 51. Nf8+ Kf7 52. Nd7 Nb7 53. Nb6 Ke6 54. Na4 g5 55. fxg5 fxg5 56. e4 Ke5 57.
exd5 Kxd5 58. Nc3+ Ke5 59. Ne4 g4 60. Ng3 Kf4 61.
Ne2+ Kg5 62. Kc4 Kh4 63. Kb5 g3 64. Kb6 g2 65. Kxb7 c4 66. Kc6 c3 67. Ng1 c2 68. Nf3+ Kg3 69. Nd4 c1=Q+ 0-1

[Event "*** SCC Grand Prix: Titled Tuesday Blitz"]
[Site "Chess.com"]
[Date "2020.06.09"]
[Round "2"]
[White "amintabatabaei"]
[Black "csati17"]
[Result "1-0"]
[WhiteElo "2885"]
[BlackElo "2579"]
[TimeControl "180+1"]
[EndTime "9:19:44 PDT"]
[Termination "amintabatabaei won by resignation"]

1. c4 Nf6 2. Nc3 e6 3. Nf3 d5 4. d4 c6 5. Bg5 Nbd7 6. e3 h6 7. Bh4 Be7 8. Rc1 a6 9. a3 b5 10. cxd5 cxd5 11. Bd3 Bb7 12. O-O Rc8 13. Qe2 O-O 14. Ne5 Nxe5 15. dxe5 Ne4 16. Bxe7 Qxe7 17. Bxe4 dxe4 18. Rfd1 Qg5 19. Rd7 Bc6 20. Ra7 Qxe5 21. Rxa6 Rfd8 22. Rd1 Rxd1+ 23. Qxd1 Qc5 24. Qd4 Qxd4 25.
exd4 f6 26. h4 Kf7 27. Rb6 Bd7 28. Rb7 Ke7 29. Nxb5 Rc2 30. Kh2 g5 31. Nc3 f5 32.
Na4 Kd6 33. Nb6 Bc6 34. Nc8+ Kd5 35. Ne7+ Kd6 36. Nxc6 Kxc6 37. Rh7 Rxb2 38. Rxh6 Kd5 39. hxg5 Rxf2 40. g6 e3 41. g7 e2 42. g8=Q e1=Q 43. Qd8+ Kc4 44. Qc7+ Kd3 45. Qg3+ Kd2 46. d5 Re2 47.
Qxe1+ Rxe1 48. Rxe6 Ra1 49. d6 Rxa3 50. Re5 Rd3 51. Rxf5 Rxd6 52. Re5 Rh6+ 53. Kg3 Rg6+ 54. Kf3 Rf6+ 55. Kg4 Rg6+ 56. Rg5 Rf6 57. Rf5 Rg6+ 58. Kf3 Kd3 59. Rd5+ Kc4 60. Rd8 Rf6+ 61. Ke4 Rg6 62.
Rc8+ Kb5 63. Kf3 Rf6+ 64. Ke4 Re6+ 65. Kf5 1-0

[Event "*** SCC Grand Prix: Titled Tuesday Blitz"]
[Site "Chess.com"]
[Date "2020.06.09"]
[Round "2"]
[White "Gabrielian_Artur"]
[Black "GM_LOADING"]
[Result "1-0"]
[WhiteElo "2738"]
[BlackElo "2492"]
[TimeControl "180+1"]
[EndTime "9:19:44 PDT"]
[Termination "Gabrielian_Artur won by resignation"]

1. e4 e5 2. Nc3 Nf6 3. g3 d5 4. exd5 Nxd5 5. Bg2 Nxc3 6. bxc3 Nc6 7. Nf3 Bc5 8. O-O O-O 9. Re1 Bg4 10. h3 Bh5 11.
g4 Bg6 12. d3 e4 13. dxe4 Qxd1 14. Rxd1 Bxe4 15. Nd4 Bxg2 16. Kxg2 Rad8 17. Be3 Ne7 18.
Ne6 fxe6 19. Bxc5 Rde8 20. Rd7 Rf7 21. Rxc7 b6 22. Bd4 Nd5 23. Rxf7 Kxf7 24. c4 Nb4 25. c3 Nc2 26. Rc1 Nxd4 27. cxd4 Rd8 28. d5 exd5 29.
cxd5 Rxd5 30. Rc7+ Kg6 31. Rxa7 Rd2 32. Kg3 Rb2 33. f3 h6 34. h4 Rb4 35. h5+ Kh7 36. a3 Rb3 37. Kf4 b5 38. Ke4 b4 39.
a4 Ra3 40. Kd4 Rxf3 41. Kc4 Rf4+ 42. Kb3 Rxg4 43. a5 Rg5 44. Kxb4 Rxh5 45. Rc7 Rh1 46. Rc3 Rb1+ 47. Rb3 Ra1 48. Ra3 Rb1+ 49. Kc5 Rb8 50. a6 h5 51. a7 Ra8 52. Kb6 g5 53. Kb7 Rxa7+ 54. Kxa7 Kg6 55. Kb6 h4 56. Kc5 g4 57.
Kd4 Kg5 58. Ke3 h3 59. Kf2 Kh4 60. Ra8 g3+ 61. Kf3 g2 62. Kf2 Kg4 63. Rg8+ Kh4 64. Rg7 Kh5 65. Kg1 Kh4 66. Kh2 1-0

[Event "*** SCC Grand Prix: Titled Tuesday Blitz"]
[Site "Chess.com"]
[Date "2020.06.09"]
[Round "2"]
[White "elamier"]
[Black "maciejos95"]
[Result "1-0"]
[WhiteElo "2111"]
[BlackElo "2489"]
[TimeControl "180+1"]
[EndTime "9:19:44 PDT"]
[Termination "elamier won by resignation"]

1. d4 d5 2. Nf3 Nc6 3. e3 Bg4 4. Bb5 a6 5. Bxc6+ bxc6 6. c4 dxc4 7. Qa4 Bxf3 8. gxf3 Qd6 9. Nd2 e6 10. Nxc4 Qb4+ 11.
Qxb4 Bxb4+ 12. Ke2 Nf6 13. a3 Be7 14. Bd2 c5 15.
dxc5 Bxc5 16. b4 Be7 17. Rac1 O-O 18. e4 c5 19. Nb6 Rab8 20. bxc5 Bxc5 21. Rxc5 Rxb6 22.
Rhc1 h6 23. Rc6 Rfb8 24. Rxb6 Rxb6 25. Rc8+ Kh7 26. Rc3 Kg6 27. Be3 Rb2+ 28. Kf1 Ra2 29. Bd4 Nd7 30. Rc7 Nf6 31. Bxf6 Kxf6 32. Rc3 Ke5 33. Kg2 g5 34. Rc5+ Kd4 35. Ra5 Kd3 36. Rxa6 Ke2 37. Ra7 Ke1 38. Rxf7 Rxf2+ 39. Kg3 Kf1 40.
f4 Rg2+ 41. Kh3 g4+ 42. Kh4 Kf2 43. f5 e5 44. Rg7 Kf3 45. Kh5 Rxh2+ 46. Kg6 Kxe4 47.
f6 g3 48. f7 Rf2 49. Kxh6 g2 50. Rxg2 Rxf7 51. Re2+ Kd4 52. Ra2 e4 53. a4 e3 54. a5 Re7 55. a6 e2 56. Ra4+ Kc5 57.
a7 e1=Q 58. a8=Q Qe6+ 59. Kg5 Rg7+ 60. Kf4 Rf7+ 61. Kg3 Qg6+ 62. Rg4 Rh7 63. Rxg6 1-0

[Event "*** SCC Grand Prix: Titled Tuesday Blitz"]
[Site "Chess.com"]
[Date "2020.06.09"]
[Round "2"]
[White "FrogMist"]
[Black "NidjatMamedov"]
[Result "0-1"]
[WhiteElo "2374"]
[BlackElo "2680"]
[TimeControl "180+1"]
[EndTime "9:19:45 PDT"]
[Termination "NidjatMamedov won by resignation"]

1. e4 c5 2. Nf3 d6 3. d4 cxd4 4.
Nxd4 Nf6 5. Nc3 a6 6. Bg5 e6 7. f4 Qb6 8. Qd2 Qxb2 9. Rb1 Qa3 10. e5 dxe5 11. fxe5 Nfd7 12. Ne4 Qxa2 13. Rd1 Qd5 14. Qe3 Qxe5 15. Be2 h6 16. Bh4 Bc5 17. Bg3 Bxd4 18.
Rxd4 Qa5+ 19. Rd2 O-O 20. Bd6 f5 21. Bxf8 Nxf8 22. Qc3 Qxc3 23. Nxc3 Nc6 24. Na4 e5 25. Nb6 Rb8 26. O-O Be6 27. c3 e4 28. Bc4 g6 29.
Bxe6+ Nxe6 30. Rd6 Re8 31. g4 fxg4 32. Nd7 Kg7 33.
Nf6 Re7 34. Nxe4 Ne5 35. Rb1 Nf4 36. Rdb6 Nf7 37. Ng3 Nd8 38. Kf2 h5 39. R1b4 Nd5 40. Rd4 Nxb6 41. Rxd8 a5 42. Rd6 Nc4 43. Rd4 b5 44.
Ne4 a4 45. Nc5 a3 46. Rd1 a2 47. Ra1 Ra7 48. Nd3 Ra3 49. Nb4 Rxc3 50. Rxa2 Rb3 51.
Nd5 h4 52. Nc7 g3+ 53. hxg3 hxg3+ 54. Kg2 Ne3+ 55. Kxg3 Nd5+ 56. Kg4 Nxc7 57. Rc2 Ne6 58. Rc6 Kf6 59. Rb6 Rb4+ 60. Kg3 g5 61. Kf3 Kf5 62.
Kg3 g4 63. Kh4 Rb3 64. Rxb5+ Rxb5 65. Kh5 Rb3 0-1

[Event "*** SCC Grand Prix: Titled Tuesday Blitz"]
[Site "Chess.com"]
[Date "2020.06.09"]
[Round "2"]
[White "Chess2019Player"]
[Black "ditkin25"]
[Result "0-1"]
[WhiteElo "2160"]
[BlackElo "2430"]
[TimeControl "180+1"]
[EndTime "9:19:46 PDT"]
[Termination "ditkin25 won on time"]

1. e4 c6 2. Nc3 d5 3. Nf3 Nf6 4. e5 Ne4 5. Ne2 Qb6 6. d4 e6 7. Ng3 c5 8. Bd3 Nxg3 9. hxg3 cxd4 10. Rh4 Nc6 11. Bxh7 Bd7 12. Ng5 Nxe5 13. f4 Bb4+ 14. Bd2 Bxd2+ 15. Qxd2 Qxb2 16. Rd1 Nc4 17. Qxd4 Qxd4 18.
Rxd4 Ke7 19. Bd3 Ne3 20. Kf2 Nd1+ 21. Ke1 Nc3 22. Rb4 f6 23. Nf3 Bc6 24. a3 a5 25.
Rb2 Na4 26. Rb1 Nc5 27. Nd4 Nxd3+ 28. cxd3 Kd6 29. Kd2 e5 30. Nf5+ Kd7 31. Rxh8 Rxh8 32. Nxg7 Rg8 33. Nf5 exf4 34. gxf4 Rxg2+ 35. Ke3 Ra2 36. Rg1 Rxa3 37. Rg7+ Ke6 38. Nd4+ Kd6 39. Nxc6 bxc6 40.
Rf7 Ke6 41. Rc7 Rc3 42. Kd2 Rc5 43. Ra7 d4 44. Ra6 Kf5 45. Ra7 Kxf4 46. Rd7 Ke5 47.
Re7+ Kd6 48. Rf7 Ke6 49. Rf8 f5 50. Rd8 Ke5 51. Re8+ Kf6 52. Rf8+ Kg5 53. Rg8+ Kf4 54. Rd8 Rd5 55. Rc8 c5 56. Ra8 Kg3 57. Rxa5 f4 58.
Ra1 f3 59. Rg1+ Kh2 60. Rg8 Re5 61. Rf8 Re3 0-1